[Event "Susha Chess Blitz 2022"]
[Site "Shusha"]
[Date "2022.09.24"]
[Round "11"]
[White "Yilmaz, Mustafa"]
[Black "Guseinov, Gadir"]
[Result "0-1"]
[ECO "E94"]
[WhiteElo "2633"]
[BlackElo "2661"]
[Annotator "TA"]
[PlyCount "86"]
[EventDate "2022.09.24"]
[EventType "tourn"]
[EventCountry "AZE"]
[SourceTitle "playchess.com"]
[Source "ChessBase"]
[SourceQuality "1"]
[TimeControl "180+2"]

1. d4 Nf6 2. c4 g6 3. Nc3 Bg7 4. e4 d6 5. Nf3 O-O 6. Be2 e5 7. O-O exd4 8. Nxd4 Re8 9. f3 c6 10. Nc2 Na6 11. Kh1 Nc7 {[%emt 0:00:02] E94: King's Indian: Classical: 6 Be2 e5 7 0-0: Various Black 7th moves.} 12. Bg5 {[%emt 0:00:02] now scores much better than the old 12.Bf4.} h6 13. Bh4 {[%emt 0:00:02] [#]} a6 $5 $146 {[%emt 0:00:01][%mdl 8] White has an edge. An interesting novelty.} ({Predecessor:} 13... d5 14. f4 dxe4 15. Qxd8 Rxd8 16. Nxe4 Re8 17. Nxf6+ Bxf6 18. Bxf6 Rxe2 19. Nd4 Re4 {1-0 (48) Navara,D (2697)-Jones,G (2670) Tornelo INT 2020}) 14. a4 (14. Qd3 $5 ) 14... d5 15. cxd5 cxd5 16. Qe1 Bd7 17. Rd1 $1 g5 18. Bg3 Nh5 (18... dxe4 $2 19. fxe4 Qc8 20. Qf2 $18) 19. f4 Nxf4 20. Bxf4 gxf4 21. Rxf4 Ne6 $1 22. Rf1 d4 23. Nd5 (23. Qf2 $11) 23... Bxa4 24. Bd3 (24. b3 $17 Bxb3 25. Nf6+ Bxf6 26. Qg3+ Bg7 27. Qxb3) 24... Nc5 $19 25. Qf2 Nxd3 {[%emt 0:00:02] The board is on fire.} ({Black should try} 25... Kh8 $19 {...Rc8 is the strong threat.} 26. Nf4 Rc8) 26. Rxd3 $16 Bxc2 $2 (26... Rxe4 $16 27. Rg3 Qxd5) 27. Qxc2 $4 (27. Rg3 $18 Kh8 28. Qxc2) 27... Rxe4 $19 28. Qb3 b5 29. Rg3 {[%emt 0:00:09][%cal Ob3f3] [#] Black must now prevent Qf3!} Ra7 30. h3 {[%emt 0:00:03] Hoping for Nf6+.} Kh8 31. Nb4 (31. Rxg7 $17 {might work better.} Kxg7 32. Nf6) 31... Qe8 32. Qd5 Re1 33. Rgf3 Rd7 34. Qc6 Rxf1+ 35. Rxf1 Qe6 36. Qa8+ Kh7 37. Nxa6 $2 (37. Qf3) 37... Qe2 38. Rb1 (38. Qf3 Qxf3 39. gxf3) 38... d3 {[%emt 0:00:01] ( -> ...d2). Black is clearly winning.} 39. Nc5 {[%emt 0:00:01] [#]} d2 $1 40. Nxd7 d1=Q+ 41. Rxd1 Qxd1+ 42. Kh2 Qxd7 43. Qe4+ f5 {[%emt 0:00:01] Weighted Error Value: White=0.70/Black=0.32} 0-1

[Event "Susha Chess Blitz 2022"]
[Site "Shusha"]
[Date "2022.09.24"]
[Round "11"]
[White "Durarbayli, Vasif"]
[Black "Kasimdzhanov, Rustam"]
[Result "1-0"]
[ECO "B12"]
[WhiteElo "2628"]
[BlackElo "2670"]
[Annotator "TA"]
[PlyCount "83"]
[EventDate "2022.09.24"]
[EventType "tourn"]
[EventCountry "AZE"]
[SourceTitle "playchess.com"]
[Source "ChessBase"]
[SourceQuality "1"]
[TimeControl "180+2"]

1. e4 c6 2. d4 d5 3. e5 Bf5 4. Nf3 e6 5. Be2 Nd7 6. O-O Ne7 7. a4 {[%emt 0:00:07] B12: Caro-Kann: Advance Variation.} h6 8. a5 a6 9. b4 {[%emt 0:00:01] Against c5. White is slightly better.} Nc8 10. c3 Na7 11. Bd3 Bxd3 12. Qxd3 Nb5 13. Re1 {[%emt 0:00:13] [#]} (13. Ne1 {seems wilder.} Qh4 14. Na3 f5 15. f4) 13... Be7 $146 ({Predecessor:} 13... Qe7 14. Nbd2 O-O-O 15. Nb3 f5 16. exf6 gxf6 17. Bf4 Bg7 18. Bg3 Rde8 19. c4 dxc4 20. Qxc4 {1-0 (59) Garcia Ramos,D (2380)-Molina,R (2434) Chess.com INT 2020}) 14. Nbd2 Nf8 15. Nf1 Nh7 16. Ng3 {[%emt 0:00:07] White is more active.} Ng5 17. Bxg5 (17. Nd2 $16) 17... hxg5 $11 18. h3 Qd7 19. Qe3 Qd8 20. Nf1 Kd7 21. N1d2 g4 22. hxg4 Qg8 $1 23. Qd3 $36 {[%emt 0:00:15][%mdl 2048] Black is under pressure.} g6 (23... Rf8 $11) 24. Kf1 {[%emt 0:00:20] White now steadily converts the win.} Qh7 25. Ke2 Qh6 {[%emt 0:00:00] [#]} 26. Nf1 $1 Qf4 27. Ne3 Rh7 28. Rh1 {[%emt 0:00:08] Prevents Qh6.} Rah8 29. g3 Qe4 30. Rxh7 {[%emt 0:00:01] Chess con chili.} Rxh7 31. Rc1 {[%emt 0:00:05] aiming for Qxe4.} Qxd3+ 32. Kxd3 Kc7 33. g5 Rh5 34. Ng4 Rh8 (34... Bxg5 $2 35. Nxg5 Rxg5 36. Nf6) 35. Ra1 Na7 36. Nh6 Rh7 37. Rh1 Nb5 38. Rh4 {[%emt 0:00:03] [#] Rf4 is the strong threat.} b6 $2 (38... Kd7 39. Ng4 Rxh4 40. gxh4 Bd8) 39. axb6+ {[%emt 0:00:02] White is clearly winning.} Kxb6 40. Ng8 Rxh4 41. gxh4 Bf8 42. Nh6 {[%emt 0:00:00] Weighted Error Value: White=0.08 (flawless) /Black=0.13 (very precise)} 1-0

[Event "Susha Chess Blitz 2022"]
[Site "Shusha"]
[Date "2022.09.24"]
[Round "12"]
[White "Mamedyarov, Shakhriyar"]
[Black "Radjabov, Teimour"]
[Result "1/2-1/2"]
[ECO "C54"]
[WhiteElo "2757"]
[BlackElo "2747"]
[Annotator "TA"]
[PlyCount "27"]
[EventDate "2022.09.24"]
[EventType "tourn"]
[EventCountry "AZE"]
[SourceTitle "playchess.com"]
[Source "ChessBase"]
[SourceQuality "1"]
[TimeControl "180+2"]

1. e4 e5 2. Nf3 Nc6 3. Bc4 Bc5 4. c3 Nf6 5. d4 exd4 6. cxd4 Bb4+ 7. Bd2 Bxd2+ 8. Nbxd2 d5 9. exd5 Nxd5 10. Qb3 {[%emt 0:00:01] [#]} Na5 $146 ({Predecessor:} 10... Nce7 11. O-O O-O 12. Rfe1 c6 13. Ne4 Nb6 14. Bf1 h6 15. Nc5 Qc7 16. Ne5 Nbd5 17. Rad1 b6 18. Ne4 Be6 19. a3 Rad8 20. Qc2 Rfe8 21. h3 {½-½ (59) Aronian,L (2782)-Mamedyarov,S (2782) chess24.com INT 2021}) 11. Qa4+ Nc6 12. Qb3 Na5 13. Qa4+ Nc6 14. Qb3 1/2-1/2

[Event "Susha Chess Blitz 2022"]
[Site "Shusha"]
[Date "2022.09.24"]
[Round "12"]
[White "Wang, Hao"]
[Black "Vidit, Santosh Gujrathi"]
[Result "0-1"]
[ECO "C67"]
[WhiteElo "2722"]
[BlackElo "2710"]
[Annotator "TA"]
[PlyCount "52"]
[EventDate "2022.09.24"]
[EventType "tourn"]
[EventCountry "AZE"]
[SourceTitle "playchess.com"]
[Source "ChessBase"]
[SourceQuality "1"]
[TimeControl "180+2"]

1. e4 e5 2. Nf3 Nc6 3. Bb5 Nf6 4. O-O Nxe4 5. Re1 Nd6 6. Nxe5 Be7 7. Bf1 Nxe5 8. Rxe5 O-O 9. d4 Bf6 10. Re1 Re8 {[%emt 0:00:00] C67: Ruy Lopez: Berlin Defence: 4 0-0 Nxe4.} 11. Bf4 Rxe1 12. Qxe1 Ne8 {[%emt 0:00:01] The position is equal.} 13. Nc3 Bxd4 14. Nd5 {[%emt 0:00:02] And now Qe4 would win.} d6 15. Bg5 f6 16. Be3 Bxb2 17. Rb1 {[%emt 0:00:02] [#]} Ba3 $5 $146 {[%emt 0:00:29][%mdl 8] An interesting novelty.} ({Predecessor:} 17... Be5 18. f4 c6 19. Nb4 Bf5 20. fxe5 fxe5 21. Rd1 Qe7 22. c4 Nf6 23. h3 Qe6 {1-0 (53) Ivanchuk,V (2686)-Lenic,L (2644) Batumi 2019}) 18. Qa5 Bc5 19. Bxc5 dxc5 20. Qxc5 b6 $2 {[%emt 0:00:50][%mdl 8192] [#]} (20... Qd6 $11 21. Qxd6 cxd6) 21. Ne7+ $2 (21. Nxb6 $1 $18 {[%mdl 512] Threatening mate with Bc4+.} Be6 22. Nxa8 Qxa8 23. Re1) 21... Kh8 $11 22. Ng6+ hxg6 $17 23. Qf8+ Kh7 24. Re1 {[%emt 0:00:14][%mdl 8192] Inhibits Be6.} (24. Bc4 $17 Be6 25. Bxe6) 24... Bf5 $19 25. Re7 Qd1 26. g3 $2 (26. Rxe8 $19 Rxe8 27. Qxe8) 26... Bh3 {[%emt 0:00:03] Weighted Error Value: White=1.09/Black=0.78} 0-1

[Event "Susha Chess Blitz 2022"]
[Site "Shusha"]
[Date "2022.09.24"]
[Round "12"]
[White "Kasimdzhanov, Rustam"]
[Black "Durarbayli, Vasif"]
[Result "1/2-1/2"]
[ECO "B90"]
[WhiteElo "2670"]
[BlackElo "2628"]
[Annotator "TA"]
[PlyCount "72"]
[EventDate "2022.09.24"]
[EventType "tourn"]
[EventCountry "AZE"]
[SourceTitle "playchess.com"]
[Source "ChessBase"]
[SourceQuality "1"]
[TimeControl "180+2"]

1. e4 c5 2. Nf3 d6 3. d4 cxd4 4. Nxd4 Nf6 5. Nc3 a6 6. Be3 e5 7. Nb3 Be6 8. f3 h5 9. Qd2 Nbd7 10. O-O-O Be7 11. Kb1 Rc8 $1 {[%emt 0:00:16][%mdl 4] is more profitable than 11...b5 at the moment.} 12. f4 {[%emt 0:00:01] B90: Sicilian Najdorf: Unusual White 6th moves, 6 Be3 Ng4 and 6 Be3 e5.} exf4 13. Bxf4 Ne5 {[%emt 0:00:01] [#]} 14. Be2 $146 {[%emt 0:00:40] White is slightly better.} ({Predecessor:} 14. Nd4 O-O 15. g3 Bg4 16. Re1 Re8 17. Be2 Qb6 18. Bxg4 Nc4 19. Qc1 Nxg4 20. Nf5 {0-1 (27) Stets,D (2391)-Kovchan,A (2536) Alushta 2003}) 14... Qb6 15. Rhf1 Qb4 (15... O-O $14) 16. a3 Qb6 17. Be3 (17. Nd4 $16) 17... Qc7 18. Bd4 (18. Bg5 $16) 18... Qc6 {[%emt 0:00:15] [#]} 19. Rf4 (19. Nc5 $1 $14) 19... b5 $11 20. Rdf1 Nfd7 (20... Qb7 $11) 21. Na5 (21. Be3 $16) 21... Qa8 (21... Qc7 $1 $11 22. Nb3 (22. Nd5 Bxd5 23. exd5 Bg5 $15) 22... Bg5) 22. Qe1 h4 23. Qd1 Bg5 24. R4f2 Be7 ({Better is} 24... O-O $11) 25. Qd2 (25. Nd5 $14) 25... Bd8 26. Nb3 Be7 (26... O-O $11 {remains equal.}) 27. Be3 Nf6 28. Bd3 $2 {[%emt 0:00:04] [#]} (28. Nd4 $14 {keeps the upper hand.}) 28... Nfg4 (28... Nxd3 $19 {has better winning chances.} 29. Qxd3 Bc4) 29. Rf4 (29. Nd4 $142) 29... Nxe3 30. Qxe3 Bg5 31. Nd4 Bxf4 32. Qxf4 Qa7 33. Nce2 ({White should play} 33. Nf5 Bxf5 34. exf5) 33... Qe7 $17 34. Nc3 Qa7 35. Nce2 Qe7 36. Nc3 $1 {[%emt 0:00:02] Pair of Knights!} Qa7 {[%emt 0:00:02] Weighted Error Value: White=0.37/Black=0.44} (36... O-O $17 37. Nf5 Bxf5) 1/2-1/2

[Event "Susha Chess Blitz 2022"]
[Site "Shusha"]
[Date "2022.09.24"]
[Round "12"]
[White "Guseinov, Gadir"]
[Black "Yilmaz, Mustafa"]
[Result "1-0"]
[ECO "B54"]
[WhiteElo "2661"]
[BlackElo "2633"]
[Annotator "TA"]
[PlyCount "79"]
[EventDate "2022.09.24"]
[EventType "tourn"]
[EventCountry "AZE"]
[SourceTitle "playchess.com"]
[Source "ChessBase"]
[SourceQuality "1"]
[TimeControl "180+2"]

1. e4 c5 2. Nf3 d6 3. d4 cxd4 4. Nxd4 Nf6 5. Bb5+ Nbd7 6. Bd3 {[%emt 0:00:03] B55: Sicilian: 2...d6 3 d4 cxd4 4 Nxd4 Nf6 5 f3.} Nc5 7. Nc3 a6 8. O-O {[%emt 0:00:01] The position is equal.} g6 9. Re1 Bg7 10. Bf1 O-O {[%emt 0:00:02] [#]} 11. Bg5 $5 $146 {[%emt 0:00:01][%mdl 8] New and interesting.} ({Predecessor:} 11. f3 Bd7 12. g3 Qb6 13. Qd2 e5 14. Nde2 Nb3+ 15. Qe3 Qxe3+ 16. Bxe3 Nxa1 17. Rxa1 {0-1 (26) Nakamura,J-Cabral,D (1958) Birigui 2008}) 11... b5 12. Nc6 Qd7 13. Nd5 Re8 {[%emt 0:00:07][%mdl 8192] Loses the game.} (13... Nxd5 $1 $14 14. exd5 (14. Qxd5 $2 e6 $19) 14... e6) 14. Ncxe7+ $1 $18 Rxe7 15. Bxf6 Re5 16. Bxg7 ({Don't take} 16. Nb6 Qc6 $18) 16... Kxg7 17. Nb6 Qa7 (17... Qc6 $142) 18. Nxa8 Nxe4 {[%emt 0:00:02] [#]} 19. Qf3 Qxa8 20. Bd3 Bb7 21. Bxe4 Bxe4 22. Qc3 {[%emt 0:00:00] Threatens to win with f4.} Kg8 23. f3 Rc5 24. Qd4 ({And not} 24. Rxe4 Rxc3 25. bxc3 Qa7+ 26. Kh1 d5 $15) 24... Bc6 (24... Bf5 {keeps fighting.} 25. Rad1 Qf8) 25. c3 Rd5 26. Qf4 Qa7+ 27. Qe3 Qc7 (27... Qxe3+ $142 28. Rxe3 Rd2) 28. Rad1 Re5 29. Qd4 {[%emt 0:00:00] [#] Strongly threatening Rxe5.} Rd5 30. Qf2 {[%emt 0:00:01] Black must now prevent Rxd5.} Rf5 31. a3 h5 32. h4 Kh7 33. Qg3 Qb6+ 34. Kh2 d5 35. Rd4 {[%emt 0:00:02][%cal Bd1d4,Bd4f4,Bf4f6,Bf6c6][%mdl 32] And now Qd6 would win.} Qd8 {[%emt 0:00:01] Prevents Qd6.} 36. Re5 Rxe5 37. Qxe5 {[%emt 0:00:01] White is clearly winning.} Kg8 38. Rf4 Be8 39. Rf6 Bc6 40. Rxc6 {[%emt 0:00:06] Weighted Error Value: White=0.31/Black=0.61} 1-0

[Event "Susha Chess Blitz 2022"]
[Site "Shusha"]
[Date "2022.09.24"]
[Round "12"]
[White "Mamedov, Rauf"]
[Black "Maghsoodloo, Parham"]
[Result "0-1"]
[ECO "B50"]
[WhiteElo "2646"]
[BlackElo "2721"]
[Annotator "TA"]
[PlyCount "101"]
[EventDate "2022.09.24"]
[EventType "tourn"]
[EventCountry "AZE"]
[SourceTitle "playchess.com"]
[Source "ChessBase"]
[SourceQuality "1"]
[TimeControl "180+2"]

1. e4 c5 2. Nf3 d6 3. Nc3 a6 4. g3 e5 5. a3 Nc6 6. b4 {[%emt 0:00:01] B50: Sicilian: 2...d6, Miscellaneous.} g6 7. Rb1 Bg7 8. Bg2 {[%emt 0:00:07] The position is equal.} Nge7 9. O-O b5 10. d3 O-O {[%emt 0:00:08] [#]} 11. Be3 $146 ({Predecessor:} 11. Nd5 cxb4 12. axb4 Bg4 13. c3 Nxd5 14. exd5 Ne7 15. h3 Bd7 16. Qb3 Rc8 17. Bb2 {1-0 (36) Cao,S (2547)-Novita,A (2344) Tagaytay City 2011}) 11... Nd4 12. Nd2 Be6 13. Nd5 cxb4 14. axb4 Rc8 15. c4 (15. Bxd4 $5 exd4 16. Ra1 $11) 15... bxc4 {[%emt 0:00:02] [#] Hoping for ...c3.} 16. Bxd4 {[%emt 0:00:33] Threatens to win with Bb6.} exd4 17. Nxc4 Nc6 18. Qa4 Nb8 19. Rbc1 Bd7 20. Qa5 Bb5 21. Bh3 Qxa5 22. bxa5 Rcd8 23. Nc7 {[%emt 0:00:19] Pair of Knights!} Nc6 24. Nxb5 axb5 25. Na3 Nxa5 26. Nxb5 Nb3 27. Rc7 d5 $1 28. exd5 Rxd5 29. Na3 Rc5 30. Rxc5 Nxc5 31. Rd1 Rb8 32. Nc4 h5 33. Bf1 Rb3 34. Nd6 f5 35. h4 Bf6 36. Kg2 Kf8 37. Nc4 Rc3 38. Nb6 Be5 39. Nc4 Bc7 40. Kf3 Kf7 41. Ke2 Ke6 42. Bg2 f4 43. gxf4 Bxf4 44. Bc6 g5 45. hxg5 Bxg5 46. Bf3 h4 47. Bg4+ Ke7 48. Ne5 Bf6 49. Nf3 Kd6 50. Nd2 Ke5 51. Bf3 {Weighted Error Value: White=0.08 (flawless) /Black=0.08 (flawless)} (51. f4+ $15 Kxf4 52. Bc8) 0-1

[Event "Susha Chess Blitz 2022"]
[Site "Shusha"]
[Date "2022.09.24"]
[Round "13"]
[White "Wang, Hao"]
[Black "Maghsoodloo, Parham"]
[Result "0-1"]
[ECO "B30"]
[WhiteElo "2722"]
[BlackElo "2721"]
[Annotator "TA"]
[PlyCount "100"]
[EventDate "2022.09.24"]
[EventType "tourn"]
[EventCountry "AZE"]
[SourceTitle "playchess.com"]
[Source "ChessBase"]
[SourceQuality "1"]
[TimeControl "180+2"]

1. e4 c5 2. Nf3 Nc6 3. Bb5 e5 4. O-O Bd6 5. d4 Nxd4 6. Bc4 {[%emt 0:00:05] Strongly threatening Ng5. B30: Sicilian: 2...Nc6 3 Bb5, lines without ...g6.} h6 {[%emt 0:00:01] [#] Against Ng5} 7. Nc3 $146 ({Predecessor:} 7. c3 Nxf3+ 8. Qxf3 Nf6 9. Rd1 Bc7 10. Qg3 g5 11. b4 Qe7 12. Qd3 d6 13. a4 cxb4 14. cxb4 {0-1 (39) Sargsyan,S (2639)-Yuffa,D (2576) Terme Catez 2022}) 7... Nf6 8. Nd5 {[%emt 0:00:03] White has an edge.} b5 ({Resist} 8... Nxe4 9. Nxd4 cxd4 10. Qg4 $16) 9. Nxd4 cxd4 10. Nxf6+ Qxf6 11. Bd5 Rb8 12. a4 (12. c3 $11 {remains equal.}) 12... b4 13. f4 (13. Qd3 $17) 13... exf4 $19 14. g3 Bb7 (14... Ba6 $19 15. Rf2 g5) 15. Bxf4 $15 Bxd5 16. exd5 O-O 17. Bxd6 Qxd6 18. Qxd4 a5 19. Rae1 Rbc8 20. Re2 Rc5 21. Rd2 {[%emt 0:00:06] [#]} Rfc8 (21... Re8 $1 $17) 22. Rff2 f6 (22... Re8 {is interesting.} 23. c3 bxc3 24. bxc3 Rec8) 23. Kg2 (23. Rfe2 $15) 23... Rc4 (23... Re8 $17) 24. Qe3 Qc5 (24... h5 $15) 25. Qxc5 ({White should play} 25. Qd3 $11) 25... R4xc5 $11 {[%emt 0:00:03][%mdl 4096] Endgame KRR-KRR} 26. d6 (26. Kf3 $15) 26... Re5 27. Rfe2 Rcc5 28. Rxe5 Rxe5 $17 {[%emt 0:00:02] KR-KR} 29. c3 bxc3 30. bxc3 Kf7 31. c4 Ke6 32. Kf3 f5 (32... g5 $17 33. Rd4 Re1) 33. h4 $1 $15 g5 34. hxg5 hxg5 35. Rd4 Rc5 36. g4 (36. Kf2 $15) 36... Ke5 37. Ke3 f4+ 38. Kd3 Ke6 39. Ke4 $2 {[%emt 0:00:05][%mdl 8192] [#]} (39. Kc3 $17) 39... Rc6 $1 $19 40. Kf3 Rxd6 41. Re4+ Kf6 42. c5 Rd3+ 43. Kf2 Rg3 44. Rd4 Ke7 45. Rd5 $2 (45. Re4+ Kf6 46. Rd4) 45... Rxg4 46. c6 dxc6 47. Rxa5 Rg3 48. Rf5 Ke6 49. Rc5 Kf6 {[%emt 0:00:12] And now ...Ra3 would win.} 50. a5 Ra3 {[%emt 0:00:01] Weighted Error Value: White=0.84/Black=0.20 (precise)} 0-1

[Event "Susha Chess Blitz 2022"]
[Site "Shusha"]
[Date "2022.09.24"]
[Round "13"]
[White "Kasimdzhanov, Rustam"]
[Black "Vidit, Santosh Gujrathi"]
[Result "1-0"]
[ECO "B30"]
[WhiteElo "2670"]
[BlackElo "2710"]
[Annotator "TA"]
[PlyCount "139"]
[EventDate "2022.09.24"]
[EventType "tourn"]
[EventCountry "AZE"]
[SourceTitle "playchess.com"]
[Source "ChessBase"]
[SourceQuality "1"]
[TimeControl "180+2"]

1. e4 c5 2. Nf3 Nc6 3. Bb5 e6 4. O-O Nge7 5. Re1 b6 (5... a6 $11 6. Bxc6 Nxc6) 6. c3 $14 {[%emt 0:00:02] White is more active. B30: Sicilian: 2...Nc6 3 Bb5, lines without ...g6.} a6 7. Bf1 (7. Ba4 $14 {was preferrable.}) 7... d5 8. exd5 {[%emt 0:00:05] The position is equal.} Nxd5 9. d4 cxd4 10. cxd4 Be7 11. Nc3 O-O {[%emt 0:00:03] [#]} 12. Bd3 $146 ({Predecessor:} 12. Bd2 Bb7 13. Rc1 Rc8 14. Bd3 Bf6 15. Qe2 Ndb4 16. Bb1 Nxd4 17. Nxd4 Bxd4 18. Ne4 Rxc1 19. Rxc1 {1-0 (42) Lamorelle,Y (2260)-Berthelot,Y (2270) France 1994}) 12... Bb7 13. Nxd5 Qxd5 14. Be4 Qd6 15. Be3 Rfd8 16. h4 h6 (16... f5 $11 17. Bxc6 Bxc6) 17. a3 (17. Ne5 $5 Nxe5 18. Bxb7 $14) 17... Rac8 18. Rc1 Bf6 (18... f5 $5 19. Bc2 Na5 $11) 19. Qe2 Qd7 ({Much less strong is} 19... Nxd4 20. Bxd4 Rxc1 21. Rxc1 $14) 20. Rcd1 Na5 (20... Ne7 $11 21. Ne5 Qc7) 21. d5 $1 $16 Qc7 (21... exd5 $142 22. Bxb6 Qa4) 22. Rc1 (22. Bd4 $1 $16) 22... Qd6 $11 23. b4 $132 {[%emt 0:00:10][%mdl 2048] [#] White is not holding back} exd5 (23... Nc4 $1 $11 {remains equal.}) 24. Rxc8 $2 (24. Bb1 $1 $16 {Hoping for Rxc8.} Nc4 25. Qd3) 24... Rxc8 $2 (24... Bxc8 $15 {stays ahead.} 25. Bd3 Nc4) 25. Bf5 $16 Re8 (25... Nc4 $16 {was necessary.}) 26. bxa5 $18 d4 27. Qd3 Bxf3 28. gxf3 bxa5 29. Bd2 Rxe1+ 30. Bxe1 Bxh4 31. Bxa5 g6 32. Bh3 Qe5 33. Bd2 Bg5 34. Bxg5 ({White should try} 34. a4 $18) 34... Qxg5+ $16 35. Kf1 (35. Bg2 $1 $16) 35... Qc1+ $11 36. Kg2 (36. Ke2 $5 ) 36... Qg5+ 37. Kh2 Qf4+ 38. Kg2 Qg5+ $1 39. Kh1 Qc1+ (39... Qh4 $11 {keeps the balance.} 40. Kg2 Qg5+) 40. Bf1 $1 $16 a5 41. Kg1 (41. Kh2 $16) 41... Qg5+ $14 42. Kh2 (42. Bg2 $1 $14 {deserves consideration.}) 42... Qf4+ (42... Qh4+ $11 43. Kg1 Qg5+ 44. Bg2 Qc5) 43. Kh3 $1 $16 {[%emt 0:00:02] Black is on the road to losing.} Kg7 (43... Kh7 $16 {keeps fighting.} 44. Qe4 Qc1) 44. Qe4 $18 Qd6 45. a4 Qd7+ {[%emt 0:00:01] [#]} 46. Kg2 $1 {[%emt 0:00:02] aiming for Qe5+.} Qxa4 {[%emt 0:00:01] [#]} 47. Qe5+ $1 Kg8 48. Qd5 Qb4 49. Bc4 Qe7 50. Qxa5 ({Weaker is} 50. Qxd4 a4 $16) 50... Qf6 51. Qd5 Kg7 52. Qe4 h5 (52... Qg5+ $142 53. Qg4 Qe5) 53. f4 g5 $2 (53... Qd6 54. Bd5 Qb6) 54. Qe5 gxf4 55. Qxf6+ {[%emt 0:00:03] White mates.} Kxf6 {[%emt 0:00:01] KB-KP} 56. Kh3 Kg5 57. f3 f6 58. Bd3 f5 59. Bc2 h4 60. Bd3 Kh5 61. Bxf5 {[%emt 0:00:01] KB-K3P} Kg5 62. Bd3 Kh5 63. Kg2 Kg5 64. Kh2 Kh5 65. Kg1 Kg5 66. Bf1 Kf5 67. Kf2 Ke5 68. Ke2 Kd5 69. Kd3 Kc5 70. Ke4 {[%emt 0:00:01] Weighted Error Value: White=0.22 (precise) /Black=0.44} 1-0

[Event "Susha Chess Blitz 2022"]
[Site "Shusha"]
[Date "2022.09.24"]
[Round "13"]
[White "Guseinov, Gadir"]
[Black "Radjabov, Teimour"]
[Result "1/2-1/2"]
[ECO "B24"]
[WhiteElo "2661"]
[BlackElo "2747"]
[Annotator "TA"]
[PlyCount "31"]
[EventDate "2022.09.24"]
[EventType "tourn"]
[EventCountry "AZE"]
[SourceTitle "playchess.com"]
[Source "ChessBase"]
[SourceQuality "1"]
[TimeControl "180+2"]

1. e4 c5 2. Nc3 Nc6 3. Bb5 e6 4. Bxc6 bxc6 5. d3 d5 6. Nf3 Nf6 7. O-O Be7 8. e5 Nd7 9. Re1 {[%emt 0:00:01] B23: Closed Sicilian: Lines without g3.} Rb8 {[%emt 0:00:08] [#]} 10. Qe2 $146 ({Predecessor:} 10. b3 Rb4 11. Ba3 Rg4 12. h3 Rg6 13. Na4 Qa5 14. c4 O-O 15. Bb2 Rd8 16. Bc3 {1-0 (81) Esenbek Uulu,I (2190)-Gillani,T (2266) Chess.com INT 2020}) 10... g5 11. Na4 {[%emt 0:00:27] White is slightly better.} g4 12. Nd2 h5 13. b3 Rg8 14. c4 Nb6 15. Nxb6 (15. Ba3 $14) 15... axb6 $11 16. Nf1 {[%emt 0:00:04] Weighted Error Value: White=0.18 (very precise) /Black=0.11 (very precise)} 1/2-1/2

[Event "Susha Chess Blitz 2022"]
[Site "Shusha"]
[Date "2022.09.24"]
[Round "13"]
[White "Mamedov, Rauf"]
[Black "Yilmaz, Mustafa"]
[Result "1-0"]
[ECO "B50"]
[WhiteElo "2646"]
[BlackElo "2633"]
[Annotator "TA"]
[PlyCount "61"]
[EventDate "2022.09.24"]
[EventType "tourn"]
[EventCountry "AZE"]
[SourceTitle "playchess.com"]
[Source "ChessBase"]
[SourceQuality "1"]
[TimeControl "180+2"]

1. e4 c5 2. Nf3 d6 3. Nc3 Nf6 4. g3 g6 5. Bg2 Bg7 6. O-O O-O 7. d3 Nc6 8. Re1 e5 9. a3 $5 {[%mdl 4] A promising side line. A05: Réti Opening: 1 Nf3 Nf6.} h6 {[%emt 0:00:20] [#]} 10. b4 $146 ({Predecessor:} 10. Rb1 Be6 11. b4 Qd7 12. bxc5 dxc5 13. Be3 b6 14. Qc1 Kh7 15. Qb2 Bg4 16. Ne2 Ne8 {0-1 (28) Kretek,B (2216)-Tomecek,J (2159) Czech Republic 2015}) 10... a6 (10... cxb4 $15 11. axb4 Bg4) 11. Rb1 {[%emt 0:00:09] White is slightly better.} b6 12. h3 Be6 13. Nd2 cxb4 14. axb4 d5 15. b5 axb5 16. exd5 Nxd5 17. Nxb5 Qd7 (17... Nd4 $1 $15 18. Nxd4 exd4) 18. c4 $36 {[%emt 0:00:17][%mdl 2048] White has good play.} Nde7 19. Ne4 Rfd8 20. Bxh6 Qxd3 (20... Bxh3 $14 21. Bxh3 Qxh3) 21. Qxd3 $18 Rxd3 22. Bxg7 Kxg7 23. Nc7 Rb8 24. Nxe6+ fxe6 25. Rb2 Rd4 26. Rc1 (26. Bf1 $142) 26... Nf5 (26... Na5 $16) 27. h4 Kf8 (27... Nd6 {was worth a try.}) 28. Ng5 Nd8 29. c5 {[%emt 0:00:01][%cal Bc4c5,Bc5c6,Bc6c7][%mdl 32] [#] Hoping for c6.} b5 $2 (29... Rc8 30. Rxb6 Ke7) 30. c6 Rc8 31. c7 {[%emt 0:00:00] Weighted Error Value: White=0.17 (very precise) /Black=0.51} 1-0

[Event "Susha Chess Blitz 2022"]
[Site "Shusha"]
[Date "2022.09.24"]
[Round "14"]
[White "Radjabov, Teimour"]
[Black "Guseinov, Gadir"]
[Result "1/2-1/2"]
[ECO "E92"]
[WhiteElo "2747"]
[BlackElo "2661"]
[Annotator "TA"]
[PlyCount "45"]
[EventDate "2022.09.24"]
[EventType "tourn"]
[EventCountry "AZE"]
[SourceTitle "playchess.com"]
[Source "ChessBase"]
[SourceQuality "1"]
[TimeControl "180+2"]

1. d4 Nf6 2. c4 g6 3. Nc3 Bg7 4. e4 d6 5. Nf3 O-O 6. Be2 e5 7. dxe5 dxe5 8. Qxd8 Rxd8 9. Nd5 Nxd5 {[%emt 0:00:21] [#] An uneventful encounter. E92: King's Indian: Classical: 6 Be2 e5: 7 dxe5, 7 Be3 and Petrosian System without 7...Nbd7.} ({But not} 9... Nxe4 10. Nxc7 Na6 11. Nxa8 $16) {Predecessor:} 10. cxd5 $146 c6 11. Bc4 b5 12. Bb3 Bb7 13. Bg5 Rd7 14. Rc1 a5 15. a4 h6 16. Be3 cxd5 17. exd5 bxa4 18. Bxa4 Rxd5 19. O-O Na6 20. Nd2 Rad8 21. Nc4 Nc5 22. Nxa5 Nxa4 23. Nxb7 {0-1 (66) Nakamura,H (2736)-Fedoseev,V (2676) Chess.com INT 2020} 1/2-1/2